 Dungeon Crawl Stone Soup version 0.25.1-2-g60ff931df9 (webtiles) character file.

Game seed: 18202349573483929244

1704 Erymatos the Cleaver (level 8, -8/106 HPs)
             Began as a Minotaur Berserker on Nov 12, 2020.
             Was an Elder of Trog.
             Mangled by Eustachio
             ... wielding a +0 rapier
              (10 damage)
             ... on level 8 of the Dungeon.
             The game lasted 00:09:04 (6140 turns).

Erymatos the Cleaver (Minotaur Berserker)           Turns: 6140, Time: 00:09:05

Health: -8/106     AC:  3    Str: 25      XL:     8   Next: 73%
Magic:  7/7        EV: 13    Int:  4      God:    Trog [****..]
Gold:   208        SH:  0    Dex:  8 (9)  Spells: 7/7 levels left

rFire    + . .     SeeInvis .   l - +3 hand axe
rCold    . . .     Gourm    .   (no shield)
rNeg     . . .     Faith    +   u - +0 leather armour
rPois    .         Spirit   .   (helmet restricted)
rElec    .         Reflect  .   t - scarf {+Inv}
rCorr    .         Harm     .   (no gloves)
MR       +....                  (no boots)
Stlth    ..........             g - amulet of faith
HPRegen  0.27/turn              y - ring of protection from fire
MPRegen  0.10/turn              x - ring of protection from magic

@: berserking, very quick
A: retaliatory headbutt, horns 2
a: Berserk, Trog's Hand, Brothers in Arms, Renounce Religion, Evoke Invisibility


You were on level 8 of the Dungeon.
You worshipped Trog.
Trog was greatly pleased with you.
You were hungry.

You visited 1 branch of the dungeon, and saw 7 of its levels.

You collected 208 gold pieces.

Inventory:

Hand Weapons
 a - a +0 hand axe
 l - a +3 hand axe (weapon)
Armour
 t - a scarf of invisibility (worn)
 u - a +0 leather armour (worn)
Jewellery
 g - an amulet of faith (around neck)
 w - an uncursed ring of stealth
 x - a ring of protection from magic (right hand)
 y - a ring of protection from fire (left hand)
Wands
 j - a wand of acid (11)
 m - a wand of digging (1)
Scrolls
 e - 4 scrolls of remove curse
 f - 4 scrolls of identify
 h - a scroll of fog
 k - a scroll of blinking
 o - 2 scrolls of amnesia
 q - 2 scrolls of random uselessness
 r - a scroll of teleportation
Potions
 b - a potion of lignification {unknown}
 d - 3 potions of curing
 i - 2 potions of flight {unknown}
 n - a potion of magic {unknown}
 p - a potion of resistance {unknown}
 s - a potion of heal wounds {unknown}
 v - a potion of haste {unknown}
Comestibles
 c - 5 rations


   Skills:
 + Level 6.9 Fighting
 + Level 9.8 Axes
 + Level 3.4 Armour
 + Level 5.3 Dodging
 + Level 3.5 Stealth


You had 7 spell levels left.
You didn't know any spells.
Your spell library was empty.

Dungeon Overview and Level Annotations

Branches:
Dungeon (6/15)
 Temple: D:4-7

Altars:
Ashenzari
Dithmenos
Elyvilon
Hepliaklqana
Sif Muna
Wu Jian
The Shining One

Annotations:
D:8 Eustachio


Innate Abilities, Weirdness & Mutations

You reflexively headbutt those who attack you in melee.
You have a pair of horns on your head.


Message History

The quasit bites you.
* * * LOW HITPOINT WARNING * * *
You feel clumsy. The quasit barely misses you. The quasit misses you.
The ufetubus hits you.
* * * LOW HITPOINT WARNING * * *
The ufetubus barely misses you.
You slash the orc warrior!
You kill the orc warrior!
Trog accepts your kill.
You hit the orc warrior. You closely miss the ufetubus. You slash the ufetubus!
You kill the ufetubus!
You hit the quasit.
You kill the quasit!
The gnoll sergeant hits you from afar with a +0 trident!
* * * LOW HITPOINT WARNING * * *
The ufetubus barely misses you. You furiously retaliate!
You headbutt the ufetubus!
You kill the ufetubus!
Eustachio hits you with a +0 rapier!
You die...

##.............
###..............
#................
#................
#..............##
###................
#..........o.......
#..##......@@...#
##..............#)#
#...........g...###
###............).....
##......#.............
#.......#......#..##.#
####......#........... .
#.....................
#................###......
..


You could see Eustachio, an orc warrior and a gnoll sergeant.

Vanquished Creatures
  A hungry ghost (D:8)
  2 orc warriors
  A sky beast (D:6)
  An ogre (D:5)
  A big kobold (D:3)
  Blork the orc (D:5)
  3 scorpions
  4 wights (D:8)
  2 crimson imps
  A centaur zombie (D:6)
  A hound (D:8)
  A centaur skeleton (D:6)
  A jelly (D:6)
  4 orc wizards
  An orc priest (D:4)
  An iguana (D:4)
  Terence (D:3)
  3 worker ants
  A hound zombie (D:8)
  A hound skeleton (D:8)
  10 gnolls
  5 adders
  A shadow imp (D:5)
  2 oozes
  A worm (D:4)
  A dart slug (D:4)
  7 leopard geckos
  11 orcs
  9 giant cockroaches
  7 hobgoblins
  A jackal (D:3)
  12 kobolds
  11 bats
  4 frilled lizards
  5 goblins
  A leopard gecko skeleton (D:5)
  8 rats
128 creatures vanquished.

Notes
Turn   | Place    | Note
-------+----------+-------------------------------------------
     0 | D:1      | Erymatos the Minotaur Berserker began the quest for the
                  | Orb.
     0 | D:1      | Reached XP level 1. HP: 19/19 MP: 0/0
   373 | D:1      | Reached XP level 2. HP: 21/27 MP: 1/1
   379 | D:1      | Reached skill level 4 in Axes
  1305 | D:2      | Found a shadowy altar of Dithmenos.
  1321 | D:2      | Reached XP level 3. HP: 31/33 MP: 2/2
  1698 | D:2      | Found an ornate altar of the Wu Jian Council.
  1703 | D:2      | Found a white marble altar of Elyvilon.
  1710 | D:2      | Reached ** piety under Trog
  2055 | D:3      | Noticed a big kobold
  2070 | D:3      | Killed a big kobold
  2070 | D:3      | Reached skill level 5 in Axes
  2070 | D:3      | Reached XP level 4. HP: 25/41 MP: 3/3
  2263 | D:3      | Noticed Terence
  2271 | D:3      | Killed Terence
  2271 | D:3      | Reached XP level 5. HP: 47/47 MP: 4/4
  2301 | D:3      | Reached skill level 1 in Stealth
  2493 | D:3      | Reached skill level 5 in Fighting
  3328 | D:3      | Reached XP level 6. HP: 56/56 MP: 5/5
  3566 | D:4      | Reached skill level 6 in Axes
  3724 | D:4      | Found a glowing drain.
  4053 | D:4      | Found a glowing golden altar of the Shining One.
  4056 | D:4      | Reached XP level 7. HP: 61/61 MP: 6/6
  4135 | D:4      | Reached *** piety under Trog
  4219 | D:4      | Found a hazy altar of Hepliaklqana.
  4319 | D:5      | Entered Level 5 of the Dungeon
  4563 | D:5      | Reached skill level 7 in Axes
  5015 | D:5      | Noticed Blork the orc
  5020 | D:5      | Killed Blork the orc
  5222 | D:6      | Reached skill level 8 in Axes
  5324 | D:6      | Found a shimmering blue altar of Sif Muna.
  5340 | D:6      | Reached XP level 8. HP: 60/70 MP: 7/7
  5796 | D:6      | You fall into a shaft and drop 2 floors!
  5796 | D:8      | Found a shattered altar of Ashenzari.
  5805 | D:8      | Reached skill level 9 in Axes
  5805 | D:8      | Reached skill level 5 in Dodging
  6111 | D:8      | Reached **** piety under Trog
  6129 | D:8      | Noticed Eustachio
  6139 | D:8      | HP: 2/106 [gnoll sergeant/+0 trident (12)]
  6140 | D:8      | Mangled by Eustachio

Illustrated notes

Levels and vault maps discovered:
D:1:      psy_arrival_spokes, layout_basic, minmay_misc_feat_pillars,
          minmay_pentomino_o2
D:2:      layout_basic, nicolae_dithmenos_shadow_blocks,
          overflow_temple_1_default, first_ration, st_stairs_14, minivault_4,
          hex_intersection, minmay_misc_feat_tower, minmay_misc_feat_cross,
          elyvilon_altar_5
D:3:      cheibrodos_thug_alley, layout_loops_ring,
          minmay_randomly_rotated_circles, uniq_terence
D:4:      layout_rooms, lemuel_coloured_pillars_altar, lemuel_crystal_altar,
          cheibrodos_sewer_entry_drain
D:5:      layout_loops_ring, roderic_batcave, uniq_blork_the_orc
D:6:      minmay_evil_eye, layout_loops_corners, okawaru_altar_gauntlet_db,
          minmay_ruined_shrine, uniq_maggie, uniq_sigmund
D:8:      layout_cave_pools, basic_altar, sword_in_stone

Skill      XL: |  1  2  3  4  5  6  7  8 |
---------------+-------------------------+-----
Fighting       | 4 5 6 |  6.9
Axes           | 4 5 6 8 9 |  9.8
Dodging        | 3 4 5 |  5.3
Stealth        | 1 2 3 |  3.5
Armour         | 3 |  3.4

Action                   |  1- 3 |  4- 6 |  7- 9 || total
-------------------------+-------+-------+-------++-------
Melee: Hand axe          |    98 |    91 |   126 ||   315
       Headbutt          |    13 |    18 |    22 ||    53
Invok: Berserk           |     2 |     3 |     3 ||     8
  Use: Scroll            |     1 |       |     5 ||     6
       Potion            |       |     1 |       ||     1
 Stab: Sleeping          |     1 |     3 |     2 ||     6
  Eat: Chunk             |     4 |     7 |     7 ||    18
       Ration            |       |     1 |     1 ||     2
Armor: Animal skin       |    15 |    10 |     1 ||    26
       Leather armour    |       |       |    22 ||    22
Dodge: Dodged            |    45 |    68 |    76 ||   189
